 Dungeon Crawl Stone Soup version 0.30.1-11-g7821555f0a (webtiles) character file.

Game seed: 14071765621549371925

3665 tf17 the Protected (level 9, -4/83 HPs)
             Began as a Minotaur Fighter on Dec 13, 2023.
             Was an Elder of Okawaru.
             Slain by an ice devil (23 damage)
             ... on level 9 of the Dungeon.
             The game lasted 00:44:02 (6862 turns).

tf17 the Protected (Minotaur Fighter)               Turns: 6862, Time: 00:44:02

Health: -4/83      AC: 17    Str: 25    XL:     9   Next: 89%
Magic:  8/8        EV:  8    Int:  5    God:    Okawaru [****..]
Gold:   526        SH:  6    Dex: 10    Spells: 8/8 levels left

rFire   + . .        T - +1 morningstar
rCold   . . .        c - +0 buckler
rNeg    + . .        b - +2 chain mail {rF+}
rPois   .            (helmet restricted)
rElec   .            G - +1 cloak
rCorr   .            j - +0 pair of gloves
SInv    .            (no boots)
Will    .....        (no amulet) Stlth
                     H - ring of positive energy
HPRegen 0.33/turn    e - ring of flight
MPRegen 0.11/turn

%: no passive effects
@: flying
A: horns 2, retaliatory headbutt
a: Renounce Religion, Heroism, Finesse


You were on level 9 of the Dungeon.
You worshipped Okawaru.
Okawaru was greatly pleased with you.
You visited 2 branches of the dungeon, and saw 10 of its levels.

You collected 526 gold pieces.

Inventory:

Hand Weapons
 w - a +0 scythe
 x - a +0 dagger of venom
 K - a +1 shortbow of flaming
 P - a +4 dire flail
 R - a +4 war axe of freezing
 T - a +1 morningstar (weapon)
Missiles
 B - 8 poisoned darts
 D - 5 throwing nets
 I - 4 boomerangs
 O - a curare-tipped dart
Armour
 b - a +2 chain mail of fire resistance (worn)
 c - a +0 buckler (worn)
 j - a +0 pair of gloves (worn)
 o - the +0 ring mail "Ufogrih" {rPois Int+4}
   (You found it on level 6 of the Dungeon)

   Int:       It affects your intelligence (+4).
   rPois:     It protects you from poison.
 G - a +1 cloak (worn)
 N - +0 steam dragon scales
Jewellery
 e - a ring of flight (right hand)
 l - a ring of fire
 H - a ring of positive energy (left hand)
Wands
 s - a wand of paralysis (6)
 z - a wand of mindburst (28)
 M - a wand of roots (6)
 Q - a wand of flame (5) (quivered)
 S - a wand of digging (3)
Scrolls
 a - a scroll of butterflies {unknown}
 f - 2 scrolls of fear
 h - 5 scrolls of teleportation
 m - a scroll of enchant armour {unknown}
 n - 2 scrolls of vulnerability
 q - a scroll of poison {unknown}
 t - a scroll of fog
 y - 3 scrolls of amnesia
 A - 2 scrolls of immolation
 F - a scroll of enchant weapon {unknown}
 J - 3 scrolls of identify
 L - a scroll of noise {unknown}
 U - a scroll of blinking {unknown}
Potions
 d - a potion of might
 g - a potion of ambrosia
 i - a potion of brilliance
 k - 5 potions of mutation
 p - a potion of haste
 r - a potion of magic
 u - 2 potions of resistance
 v - a potion of degeneration
 C - 2 potions of curing


   Skills:
 + Level 9.3 Fighting
 + Level 8.9 Maces & Flails
 + Level 9.3 Armour
 + Level 9.3 Shields


You had 8 spell levels left.
You didn't know any spells.
Your spell library contained the following spells:

 Spells                   Type           Power      Damage    Failure   Level
 Beastly Appendage        Tmut           0%         N/A       95%         1
 Freeze                   Ice            0%         1d3       95%         1
 Kiss of Death            Conj/Necr      0%         2d5       95%         1
 Necrotise                Necr           0%         1d4       95%         1
 Sandblast                Erth           0%         2d4       95%         1
 Ensorcelled Hibernation  Hex/Ice        0%         N/A       98%         2
 Passwall                 Tmut/Erth      0%         N/A       98%         2
 Wereblood                Tmut           0%         N/A       98%         2
 Confusing Touch          Hex            0%         N/A       100%        3
 Frozen Ramparts          Ice            0%         1d1       100%        3
 Hailstorm                Conj/Ice       0%         3d3       100%        3
 Spider Form              Tmut/Pois      0%         N/A       100%        3
 Stone Arrow              Conj/Erth      0%         3d7       100%        3
 Vampiric Draining        Necr           0%         2d6       100%        3
 Anguish                  Hex/Necr       0%         N/A       100%        4
 Cause Fear               Hex            0%         N/A       100%        4
 Dispel Undead            Necr           0%         3d6       100%        4
 Agony                    Necr           0%         N/A       100%        5
 Eringya's Noxious Bog    Tmut/Pois      0%         N/A       100%        6
 Enfeeble                 Hex            0%         N/A       100%        7
 Summon Small Mammal      Summ           Unusable   N/A       N/A         1
 Call Canine Familiar     Summ           Unusable   N/A       N/A         3
 Summon Guardian Golem    Hex/Summ       Unusable   N/A       N/A         3
 Summon Forest            Summ/Tloc      Unusable   N/A       N/A         5
 Summon Hydra             Summ           Unusable   N/A       N/A         7

Dungeon Overview and Level Annotations

Branches:
Dungeon (9/15)             Temple (1/1) D:4
   Lair: D:8-11         Orc: D:9-12

Altars:
Ashenzari
Cheibriados
Dithmenos
Hepliaklqana
Kikubaaqudgha
Makhleb
Nemelex Xobeh
Okawaru
Qazlal
Ru
Trog
Uskayaw
Zin
The Shining One


Innate Abilities, Weirdness & Mutations

You have a pair of horns on your head.
You reflexively headbutt those who attack you in melee.


Message History

The centaur shoots an arrow.
The arrow hits you but does no damage.
You hear a shout!
Aiming: Throw Flame
Press: ? - help, Q - select action, (/) - cycle Shift-Dir - straight line, f/p - ice devil
Aim: an ice devil (moderately wounded, 68% to hit)
The puff of flame hits the ice devil but does no damage.
The ice devil is moderately wounded.
The ice devil closely misses you.
You hit the ice devil.
You headbutt the ice devil, but do no damage.
The ice devil is moderately wounded.
The centaur zaps a wand.
The puff of flame hits you. You resist. You block the ice devil's attack.
You closely miss the ice devil.
You headbutt the ice devil, but do no damage.
The ice devil is moderately wounded.
The centaur shoots an arrow.
The arrow hits you. The ice devil hits you! The ice devil freezes you!!
The ice devil hits you. The ice devil freezes you!
* * * LOW HITPOINT WARNING * * *
The centaur zaps a wand.
The puff of flame hits you. You resist.
* * * LOW HITPOINT WARNING * * *
You feel much better.
The centaur shoots an arrow.
The arrow misses you.
The ice devil hits you but does no damage. x2
You block the ice devil's attack.
The white imp laughs crazily.
There is a huge open gate here.
The white imp attacks as you move away!
The white imp hits you but does no damage.
You sock the white imp!
You kill the white imp!
Okawaru accepts your kill.
You hit the ice devil. You headbutt the ice devil!
The ice devil is heavily wounded.
The ice devil hits you but does no damage.
You hit the ice devil.
The ice devil is severely wounded.
The ice devil hits you!
* * * LOW HITPOINT WARNING * * *
The ice devil freezes you!!
You die...

.. ...#.# #.... .#
#..#.# #.... .
#..#.# #....
#.#..#.# #....
.#.#.#..#.######....
...............'....
#...#..#.######....
#############..#.#
#####
........W4@....#..
####'''4####..####
#........c.######
....)............~
....#~~#..5.....#
##..~##~~#..##...~
#..~ ###~..# .!# #..
#~..# ... )#...


You could see 2 ice devils and a freezing wraith.

Vanquished Creatures
  A hornet (D:9)
  Sigmund (D:3)
  A shadow (D:9)
  A wyvern (D:8)
  A steam dragon (D:7)
  4 water moccasins
  An ice beast (D:8)
  2 sky beasts
  A black bear (D:7)
  4 ogres
  A centaur (D:6)
  A phantom (D:4)
  A kobold brigand (D:7)
  3 bullfrogs
  A gnoll sergeant (D:6)
  2 scorpions (D:5)
  7 wights
  4 killer bees (D:9)
  A howler monkey (D:8)
  A gnoll bouda (D:8)
  2 orc priests (D:3)
  Crazy Yiuf (D:6)
  6 iguanas
  Jessica (D:2)
  Terence (D:3)
  A sleepcap (D:5)
  2 orc wizards
  7 gnolls
  6 adders
  2 white imps (D:9)
  An ufetubus (D:5)
  2 worms
  2 dart slugs
  19 orcs
  6 ball pythons
  10 endoplasms
  4 giant cockroaches
  7 hobgoblins
  9 kobolds
  4 bats (D:1)
  6 frilled lizards (D:1)
  10 goblins
  3 rats (D:2)
151 creatures vanquished.

Notes
Turn   | Place    | Note
-------+----------+-------------------------------------------
     0 | D:1      | tf17 the Minotaur Fighter began the quest for the Orb.
     0 | D:1      | Reached XP level 1. HP: 19/19 MP: 0/0
   119 | D:1      | Reached XP level 2. HP: 24/27 MP: 1/1
   509 | D:1      | Reached XP level 3. HP: 31/33 MP: 2/2
   839 | D:2      | Noticed Jessica
   844 | D:2      | Killed Jessica
   899 | D:2      | Found a faded altar of an unknown god.
   940 | D:2      | Reached XP level 4. HP: 41/41 MP: 3/3
  1914 | D:3      | HP: 2/41 [orc priest/nerve-wracking pain (13)]
  1946 | D:3      | Reached XP level 5. HP: 12/47 MP: 4/4
  2004 | D:3      | Noticed Terence
  2114 | D:3      | Killed Terence
  2254 | D:3      | Noticed Sigmund
  2286 | D:3      | Killed Sigmund
  2287 | D:3      | Reached skill level 5 in Fighting
  2287 | D:3      | Reached skill level 5 in Armour
  2287 | D:3      | Reached skill level 5 in Shields
  2287 | D:3      | Reached XP level 6. HP: 16/56 MP: 5/5
  2846 | D:4      | Reached XP level 7. HP: 61/62 MP: 6/6
  2849 | D:4      | Reached skill level 5 in Maces & Flails
  3037 | D:4      | Found a staircase to the Ecumenical Temple.
  3275 | Temple   | Entered the Ecumenical Temple
  3389 | Temple   | Became a worshipper of Warmaster Okawaru
  3458 | D:5      | Entered Level 5 of the Dungeon
  3945 | D:5      | Reached * piety under Okawaru
  4071 | D:6      | Reached XP level 8. HP: 38/71 MP: 7/7
  4223 | D:6      | Identified the +0 ring mail "Ufogrih" {rPois Int+4}
  4547 | D:6      | Reached ** piety under Okawaru
  4831 | D:6      | Found a runed translucent door.
  4832 | D:6      | Noticed Crazy Yiuf
  4838 | D:6      | Killed Crazy Yiuf
  5436 | D:7      | Reached XP level 9. HP: 47/81 MP: 8/8
  5440 | D:7      | Reached *** piety under Okawaru
  6628 | D:9      | Reached **** piety under Okawaru
  6845 | D:9      | Noticed an ice devil
  6847 | D:9      | Noticed a freezing wraith
  6849 | D:9      | Noticed an ice devil
  6849 | D:9      | Found the +8 frozen axe "Frostbite" {freeze, freezing
                  | cloud, *Noise Fly rC+}
  6862 | D:9      | Slain by an ice devil

Illustrated notes

Levels and vault maps discovered:
D:1:      amcnicky_arrival_single_pillar, layout_loops_ring, minmay_lizard_pond
D:2:      layout_loops_ring, ebering_ecumenical_altar_petrified, chequers_jeans,
          st_stairs_10, dreamdust_princess_corridor, uniq_jessica
D:3:      layout_basic, uniq_terence, uniq_sigmund
D:4:      layout_rooms, temple_hall, wad_rectangle_vault
D:5:      layout_cave_pools, nrook_campfire
D:6:      layout_cave_pools, due_unseen_surprise, uniq_crazy_yiuf_cottage
D:7:      layout_basic
D:8:      layout_gridville, corexii_checkpoint_b
D:9:      layout_basic, serial_shops, nicolae_shop_window_shopping,
          hellmonk_guarded_unrand_frostbite
Temple:   nicolae_temple_slightly_damp_pantheon

Skill      XL: |  1  2  3  4  5  6  7  8  9 |
---------------+----------------------------+-----
Shields        | 4 5 6 8 9 |  9.3
Armour         | 4 5 6 8 9 |  9.3
Fighting       | 4 5 6 8 9 |  9.3
Maces & Flails | 3 4 6 7 8 |  8.9

Action                     |  1- 3 |  4- 6 |  7- 9 || total
---------------------------+-------+-------+-------++-------
  Melee: Flail             |    61 |   128 |   225 ||   414
         Headbutt          |    10 |    17 |    49 ||    76
         Morningstar       |       |       |    72 ||    72
         Dagger            |       |       |    17 ||    17
  Throw: Dart              |       |       |     2 ||     2
  Evoke: Wand              |       |       |     5 ||     5
    Use: Potion            |       |     2 |     1 ||     3
         Scroll            |       |       |    14 ||    14
   Stab: Paralysed         |       |       |     1 ||     1
 Armour: Scale mail        |    13 |    10 |       ||    23
         Chain mail        |       |    42 |   202 ||   244
         Ring mail         |       |       |    15 ||    15
         Skin              |       |       |     1 ||     1
  Dodge: Dodged            |    23 |    37 |   110 ||   170
  Block: Buckler           |    14 |    23 |    87 ||   124
